 Dungeon Crawl Stone Soup version 0.22-a0-458-gb446440d2e (webtiles) character file.

625 Naru the Slasher (level 7, -8/60 HPs)
             Began as a Hill Orc Abyssal Knight on June 8, 2018.
             Was a Believer of Lugonu.
             Mangled by a two-headed ogre
             ... wielding a +0 giant club
              (15 damage)
             ... on level 7 of the Dungeon.
             The game lasted 00:16:12 (7354 turns).

Naru the Slasher (Hill Orc Abyssal Knight)          Turns: 7354, Time: 00:16:12

Health: -8/60      AC: 12    Str: 17    XL:     7   Next: 47%
Magic:  10/10      EV:  6    Int: 12    God:    Lugonu [**....]
Gold:   306        SH:  0    Dex: 10    Spells: 6/6 levels left

rFire    . . .     SeeInvis .   a - +3 falchion
rCold    . . .     Gourm    .   (no shield)
rNeg     . . .     Faith    .   r - +0 plate armour
rPois    .         Spirit   .   (no helmet)
rElec    .         Reflect  .   (no cloak)
rCorr    .         Harm     .   (no gloves)
MR       .....                  (no boots)
Stlth    ..........             (no amulet)
HPRegen  0.20/turn              (no ring)
MPRegen  0.12/turn              (no ring)

@: no status effects
A: no striking features
a: Depart the Abyss, Bend Space, Renounce Religion


You were on level 7 of the Dungeon.
You worshipped Lugonu.
Lugonu was pleased with you.
You were very hungry.

You visited 1 branch of the dungeon, and saw 7 of its levels.
You visited the Abyss 1 time.

You collected 306 gold pieces.

Inventory:

Hand Weapons
 a - a +3 falchion (weapon)
Armour
 r - a +0 plate armour (worn)
Wands
 l - a wand of random effects (14)
Scrolls
 d - 5 scrolls of magic mapping
 g - a scroll of remove curse
 h - 5 scrolls of teleportation
 i - 3 scrolls of identify
 k - 2 scrolls of enchant armour {unknown}
Potions
 b - a potion of berserk rage
 e - 2 potions of curing
 f - 2 potions of brilliance
 j - a potion of ambrosia
 n - a potion of haste {unknown}
 o - a potion of lignification {unknown}
 p - a potion of might {unknown}
Comestibles
 c - 7 rations


   Skills:
 * Level 4.9 Fighting
 * Level 5.6 Long Blades
 * Level 5.0 Armour
 * Level 2.1 Dodging
 * Level 4.0 Invocations


You had 6 spell levels left.
You didn't know any spells.
Your spell library contained the following spells:

 Spells                   Type           Power        Failure   Level  Hunger
 Confuse                  Hex            #.......     100%        3    ####...
 Confusing Touch          Hex            #.....       100%        1    ##.....
 Metabolic Englaciation   Hex/Ice        #.........   100%        5    ######.
 Petrify                  Tmut/Erth      #.......     100%        4    #####..
 Gell's Gravitas          Tloc           #.........   100%        3    ####...
 Yara's Violent Unravell  Hex/Tmut       #.........   100%        5    ######.


Dungeon Overview and Level Annotations

Branches:
Dungeon (7/15)             Temple (0/1) D:5

Altars:
Cheibriados
Dithmenos
Makhleb
Qazlal
Sif Muna

Shops:
D:5 %


Message History

Found 3 tomahawks.
The two-headed ogre hits you with a giant club.
The two-headed ogre hits you with a giant spiked club.
You hit the two-headed ogre.
The two-headed ogre is heavily wounded.
The two-headed ogre hits you but does no damage.
The two-headed ogre closely misses you.
Your plate armour prevents you from hitting the two-headed ogre.
The two-headed ogre is heavily wounded.
The two-headed ogre hits you with a giant club!
* * * LOW HITPOINT WARNING * * *
The two-headed ogre hits you with a giant spiked club.
* * * LOW HITPOINT WARNING * * *
You barely miss the two-headed ogre.
The two-headed ogre is heavily wounded.
You barely miss the two-headed ogre.
The two-headed ogre is heavily wounded.
The two-headed ogre closely misses you.
The two-headed ogre hits you with a giant spiked club!
You die...

#..# .#
#..#### .#
.....# .#
.....# .#
#.#..# .#
#.#..# .#
#.#.)###.#
#.@O.<...#
###...####
#......(
###.####
#.# #.#
#.# #.#


You could see a two-headed ogre.

Vanquished Creatures
  A centaur (D:5)
  A howler monkey (D:4)
  A crimson imp (D:5)
  2 hounds
  An iguana (D:6)
  3 orc wizards
  2 worker ants (D:4)
  A hound skeleton (D:5)
  9 adders
  5 river rats (D:5)
  2 shadow imps (D:5)
  2 oozes
  4 worms
  4 orcs
  7 bats
  3 giant cockroaches
  5 goblins
  9 hobgoblins
  8 jackals
  9 kobolds
  3 quokkas
  6 frilled lizards
  A jackal skeleton (D:5)
  A leopard gecko zombie (D:5)
  11 rats
101 creatures vanquished.

Notes
Turn   | Place    | Note
-------+----------+-------------------------------------------
     0 | Abyss:1  | Naru the Hill Orc Abyssal Knight began the quest for the Orb.
     0 | Abyss:1  | Reached XP level 1. HP: 19/19 MP: 2/2
     2 | D:1      | Escaped the Abyss
   237 | D:1      | Reached XP level 2. HP: 19/27 MP: 3/3
   264 | D:1      | Reached * piety under Lugonu
  1179 | D:2      | Reached XP level 3. HP: 30/33 MP: 5/5
  1195 | D:2      | Reached skill level 1 in Dodging
  1654 | D:2      | Found a faded altar of an unknown god.
  2079 | D:2      | Reached XP level 4. HP: 40/40 MP: 6/6
  2444 | D:2      | You fall through a shaft!
  3067 | D:3      | Reached ** piety under Lugonu
  3979 | D:4      | Reached XP level 5. HP: 35/46 MP: 7/7
  4829 | D:4      | Found a burning altar of Makhleb.
  4832 | D:4      | Found a stormy altar of Qazlal.
  4840 | D:4      | Found a snail-covered altar of Cheibriados.
  4841 | D:4      | Found a shadowy altar of Dithmenos.
  5418 | D:5      | Entered Level 5 of the Dungeon
  5511 | D:5      | Reached XP level 6. HP: 53/53 MP: 8/8
  5671 | D:5      | Reached skill level 5 in Long Blades
  5773 | D:5      | Found Girust's Food Emporium.
  5893 | D:5      | Found a staircase to the Ecumenical Temple.
  5916 | D:5      | Reached XP level 7. HP: 59/60 MP: 9/9
  6823 | D:5      | Found a deep blue altar of Sif Muna.
  7212 | D:6      | Noticed a two-headed ogre
  7218 | D:6      | Reached skill level 5 in Armour
  7345 | D:7      | HP: 3/60 [two-headed ogre/giant club (3)]
  7354 | D:7      | Mangled by a two-headed ogre

Vault maps used:
D:1:      tarquinn_simple_flora_water_a
D:2:      chequers_ecumenical_altar_grove, first_ration
D:3:      kennysheep_decorative_pillar, hangedman_abyss_or_decor_stabs
D:4:      minitemple, kennysheep_cross_bottleneck
D:5:      lemuel_crystal_altar, minmay_temple_entry_from_below_a,
          lightli_sewer_entry_pipes, serial_shops, nicolae_shop_waterfront,
          kennysheep_generic_room_9
D:6:      nicolae_ossuary_entry_monument
D:7:      serial_shops, shop, uniq_duvessa

Skill      XL: |  1  2  3  4  5  6  7 |
---------------+----------------------+-----
Fighting       | 4 |  4.9
Dodging        | 1 2 |  2.1
Long Blades    | 3 4 5 |  5.6
Armour         | 3 4 5 |  5.0
Invocations    | 3 4 |  4.0

Action                   |  1- 3 |  4- 6 |  7- 9 || total
-------------------------+-------+-------+-------++-------
Melee: Falchion          |   117 |   192 |   129 ||   438
Invok: Depart the Abyss  |     1 |       |       ||     1
       Bend Space        |       |     2 |       ||     2
  Use: Scroll            |     5 |    10 |       ||    15
       Potion            |       |       |     1 ||     1
  Eat: Ration            |     1 |     3 |     1 ||     5
       Chunk             |       |     3 |       ||     3
Armor: Leather armour    |    13 |       |       ||    13
       Ring mail         |    44 |    69 |       ||   113
       Chain mail        |       |    51 |     4 ||    55
       Plate armour      |       |       |    96 ||    96
Dodge: Dodged            |    96 |   136 |    57 ||   289
       Rpst.: Falchion   |    33 |    42 |    17 ||    92

Table legend:
 A = Spawn XP
 B = Non-spawn XP
 C = Spawn XP percentage of total XP
 D = Spawn monster count
 E = Non-spawn monster count
 F = Spawn count percentage of total count
 G = Total turns spent on level
                    A         B        C        D         E        F      G
               +---------+---------+-------+---------+---------+-------+---------
         Total |       0 |     894 |   0.0 |       0 |     101 |   0.0 |  7354
               +---------+---------+-------+---------+---------+-------+---------
           D:1 |       0 |      33 |   0.0 |       0 |      22 |   0.0 |  1157
           D:2 |       0 |      69 |   0.0 |       0 |      18 |   0.0 |  1717
           D:3 |       0 |      28 |   0.0 |       0 |      14 |   0.0 |  1064
           D:4 |       0 |     182 |   0.0 |       0 |      11 |   0.0 |  1478
           D:5 |       0 |     447 |   0.0 |       0 |      31 |   0.0 |  1608
           D:6 |       0 |     132 |   0.0 |       0 |       4 |   0.0 |   201
           D:7 |       0 |       3 |   0.0 |       0 |       1 |   0.0 |   127
               +---------+---------+-------+---------+---------+-------+---------
